 Dungeon Crawl Stone Soup version 0.29-a0-555-g3b24f45cc1 (webtiles) character file.

Game seed: 14509245031282552237

198 Hubjo the Insei (level 5, -1/41 HPs)
             Began as a Demonspawn Transmuter on June 7, 2022.
             Was a Believer of Wu Jian.
             Slain by a quokka (5 damage)
             ... on level 2 of the Dungeon.
             The game lasted 00:03:04 (1439 turns).

Hubjo the Insei (Demonspawn Transmuter)             Turns: 1439, Time: 00:03:05

Health: -1/41      AC:  2    Str: 11    XL:     5   Next: 47%
Magic:  5/9        EV: 12    Int: 14    God:    Wu Jian [**....]
Gold:   53         SH:  0    Dex: 15    Spells: 8/9 levels left

rFire   + . .      SeeInvis .     - Unarmed
rCold   x . .      Faith    .   (no shield)
rNeg    . . .      Spirit   .   a - +0 robe
rPois   .          Reflect  .   (helmet currently unavailable)
rElec   .          Harm     .   (no cloak)
rCorr   .          Rampage  .   (no gloves)
Will    .....                   (boots currently unavailable)
Stlth   ++........              (no amulet)
HPRegen 0.13/turn               c - ring of fire
MPRegen 0.11/turn               (no ring)

@: appendages (expiring)
A: talons 2, horns 1, ignite blood 2
a: End Transformation, Renounce Religion, Wall Jump


You were on level 2 of the Dungeon.
You worshipped Wu Jian.
Wu Jian was pleased with you.
You had temporarily grown beastly talons.
You visited 1 branch of the dungeon, and saw 2 of its levels.

You collected 53 gold pieces.

Inventory:

Armour
 a - a +0 robe (worn)
Jewellery
 c - a ring of fire (left hand)
 i - an amulet of magic regeneration
Scrolls
 d - a scroll of immolation
 e - a scroll of acquirement {unknown}
 f - a scroll of teleportation {unknown}
 j - a scroll of enchant armour {unknown}
Potions
 b - 2 potions of lignification
 g - a potion of mutation {unknown}
 h - a potion of haste {unknown}


   Skills:
 * Level 3.2 Fighting
 - Level 1.7 Dodging
 + Level 1.8 Stealth
 + Level 3.4 Unarmed Combat
 + Level 2.7 Spellcasting
 + Level 2.6 Transmutations


You had 8 spell levels left.
You knew the following spells:

 Your Spells              Type           Power      Damage    Failure   Level
a - Beastly Appendage     Tmut           18%        N/A       8%          1

Your spell library contained the following spells:

 Spells                   Type           Power      Damage    Failure   Level
 Wereblood                Tmut           9%         N/A       12%         2
 Spider Form              Tmut/Pois      5%         N/A       36%         3
 Ice Form                 Ice/Tmut       5%         N/A       77%         4


Dungeon Overview and Level Annotations

Branches:
Dungeon (2/15)

Altars:
Wu Jian


Innate Abilities, Weirdness & Mutations

You have temporarily grown beastly talons.
You have a pair of small horns on your head.
Your demonic aura often causes spilled blood to erupt in flames.


Message History

Sigmund is heavily wounded.
You hit Sigmund.
Sigmund is severely wounded.
Your transformation is almost over.
Sigmund closely misses you.
You hit Sigmund but do no damage. Your headbutt misses Sigmund.
Sigmund is severely wounded.
Sigmund hits you with a +0 scythe.
* * * LOW HITPOINT WARNING * * *
You hit Sigmund but do no damage. You claw Sigmund.
Sigmund is severely wounded.
The quokka closely misses you.
You hit Sigmund.
Sigmund is almost dead.
An adder comes into view.
Sigmund hits you with a +0 scythe.
* * * LOW HITPOINT WARNING * * *
The quokka misses you.
The adder moves out of view.
You hit Sigmund. Your kick misses Sigmund.
Sigmund is almost dead.
The quokka closely misses you. Sigmund barely misses you.
You closely miss Sigmund. Your kick misses Sigmund. You headbutt Sigmund.
You kill Sigmund!
The Council accepts your kill. The quokka barely misses you.
Your Fighting skill increases to level 3!
Your Stealth skill increases to level 1!
You have reached level 4!
You feel stronger.
Your demonic ancestry asserts itself...
Your blood runs red-hot!
You have reached level 5!
You hit the hobgoblin but do no damage. You claw the hobgoblin.
The hobgoblin is almost dead.
The quokka misses you. The hobgoblin hits you.
* * * LOW HITPOINT WARNING * * *
The quokka closely misses you.
You hit the hobgoblin but do no damage.
The hobgoblin is almost dead.
The quokka bites you.
You die...

.......... ........#
#..##. .#####..# .....#
........###.....##
#####.......<....###
#####.......##.....# #
#.....†.######...#.#.###
..###.....## #>..r.....#
..)........####)@gg#
#...........##..##.....#
#...........#..## .....
#.........#...## #...
#.........#....# ..
#.†.......#.....# .
#.........###...#
.########## ##..# . #.#


You could see a quokka, a hobgoblin and a goblin.

Vanquished Creatures
  Sigmund (D:2)
  2 dart slugs (D:1)
  4 bats
  2 endoplasms (D:1)
  5 goblins
  3 hobgoblins
  5 jackals
  A quokka (D:1)
  A ball python (D:1)
  4 frilled lizards
  5 kobolds
  3 rats (D:1)
36 creatures vanquished.

Notes
Turn   | Place    | Note
-------+----------+-------------------------------------------
     0 | D:1      | Hubjo the Demonspawn Transmuter began the quest for the
                  | Orb.
     0 | D:1      | Reached XP level 1. HP: 15/15 MP: 3/3
    32 | D:1      | Found a faded altar of an unknown god.
    67 | D:1      | Prayed at the altar of an unknown god.
    67 | D:1      | Became a worshipper of the Wu Jian Council
    67 | D:1      | Reached * piety under Wu Jian
   344 | D:1      | Gained mutation: Your demonic aura sometimes causes spilled
                  | blood to erupt in flames. [demonic ancestry]
   344 | D:1      | Reached XP level 2. HP: 21/21 MP: 3/5
  1281 | D:2      | Mutation became permanent: You have a pair of small horns
                  | on your head. [demonic ancestry]
  1281 | D:2      | Gained mutation: You have a pair of horns on your head.
                  | [demonic ancestry]
  1281 | D:2      | Reached XP level 3. HP: 27/27 MP: 4/6
  1282 | D:2      | Reached ** piety under Wu Jian
  1425 | D:2      | Noticed Sigmund
  1437 | D:2      | Killed Sigmund
  1438 | D:2      | Reached skill level 1 in Stealth
  1438 | D:2      | Gained mutation: Your demonic aura often causes spilled
                  | blood to erupt in flames. [demonic ancestry]
  1438 | D:2      | Reached XP level 4. HP: 6/35 MP: 5/8
  1438 | D:2      | Reached XP level 5. HP: 7/41 MP: 5/9
  1439 | D:2      | Slain by a quokka

Illustrated notes

Levels and vault maps discovered:
D:1:      ebering_hopf_link, layout_loops_corners,
          chequers_ecumenical_altar_simple
D:2:      layout_rooms, uniq_sigmund, uniq_robin

Skill      XL: |  1  2  3 |
---------------+----------+-----
Transmutations | 2 |  2.6
Fighting       | 3 |  3.2
Unarmed Combat | 3 |  3.4
Stealth        | 1 |  1.8
Dodging        | |  1.7
Spellcasting   | |  2.7

Action                   |  1- 3 |  4- 6 || total
-------------------------+-------+-------++-------
Melee: Unarmed           |    81 |     2 ||    83
       Kick              |    22 |     1 ||    23
       Headbutt          |    16 |       ||    16
       Punch             |     1 |       ||     1
 Cast: Beastly Appendage |    26 |       ||    26
Invok: Lunge             |    10 |       ||    10
       Whirlwind         |     2 |       ||     2
  Use: Scroll            |     1 |       ||     1
 Stab: Sleeping          |     3 |       ||     3
Armor: Robe              |    16 |       ||    16
Dodge: Dodged            |    35 |     2 ||    37

Table legend: (Time is in decaauts)
 A = Elapsed time spent in this place.
 B = Non-inter-level travel time spent in this place.
 C = Inter-level travel time spent in this place.
 D = Time resting spent in this place.
 E = Time spent auto-exploring this place.
 F = Levels seen in this place.
 G = Mean time per level.
                   A        B        C        D        E       F      G
               +--------+--------+--------+--------+--------+-----+--------+
         Total |   1435 |   1390 |     45 |      0 |   1183 |   2 |  717.5 |
       Dungeon |   1435 |   1390 |     45 |      0 |   1183 |   2 |  717.5 |
               +--------+--------+--------+--------+--------+-----+--------+

Top non-repeatable levels by time:
     D:1: 1275 daAuts
     D:2: 159 daAuts
